 Dungeon Crawl Stone Soup version 0.30-b1-2-g02819fbbbe (webtiles) character file.

Game seed: 7314021016691381764

29028 Dirian the Warrior (level 13, -7/127 HPs)
             Began as a Minotaur Monk on May 11, 2023.
             Was the Champion of Zin.
             Mangled by a very large slime creature (47 damage)
             ... on level 13 of the Dungeon.
             The game lasted 00:26:09 (12751 turns).

Dirian the Warrior (Minotaur Monk)                 Turns: 12751, Time: 00:26:10

Health: -7/127     AC: 21    Str: 22    XL:     13   Next: 12%
Magic:  20/20      EV: 10    Int:  7    God:    Zin [******]
Gold:   1099       SH:  0    Dex: 12    Spells: 12/12 levels left

rFire   . . .        a - +2 scimitar (flame)
rCold   . . .        d - orb {light}
rNeg    . . .        D - +1 chain mail {Will+}
rPois   +            (helmet restricted)
rElec   .            p - +2 cloak of Ageahit {Will+}
rCorr   .            l - +0 pair of gloves
SInv    .            F - +2 pair of boots
Will    +++..        j - amulet of regeneration Stlth
                     A - ring of willpower
HPRegen 1.21/turn    o - ring of poison resistance
MPRegen 0.17/turn

%: no passive effects
@: glowing
A: horns 2, retaliatory headbutt
a: Renounce Religion, Recite, Vitalisation, Imprison, Sanctuary, Donate Gold


You were on level 13 of the Dungeon.
You worshipped Zin.
Zin was exalted by your worship.
You visited 2 branches of the dungeon, and saw 14 of its levels.
You also visited: Sewer.

You collected 1221 gold pieces.
You donated 122 gold pieces to Zin.

Inventory:

Hand Weapons
 a - a +2 scimitar of flaming (weapon)
 b - a +1 long sword of freezing
Armour
 d - an orb of light (worn)
 l - a +0 pair of gloves (worn)
 p - the +2 cloak of Ageahit (worn) {Will+}
   (You acquired it on level 4 of the Dungeon)

   Will:      It increases your willpower.
 D - a +1 chain mail of willpower (worn)
 F - a +2 pair of boots (worn)
 K - the +1 kite shield of the Thistle {rC- rN+ Dex+2}
   (You took it off a human on level 13 of the Dungeon)

   Dex:       It affects your dexterity (+2).
   rC:        It makes you vulnerable to cold.
   rN:        It protects you from negative energy.
 L - a +0 kite shield
Jewellery
 i - a +6 ring of strength
 j - an amulet of regeneration (around neck)
 o - a ring of poison resistance (right hand)
 A - a ring of willpower (left hand)
 C - a ring of protection from fire
 E - a +5 ring of evasion
 G - a ring of protection from cold
Wands
 e - a wand of mindburst (13)
 s - a wand of light (8)
 B - a wand of paralysis (5)
Scrolls
 k - 5 scrolls of magic mapping
 m - a scroll of fog
 n - a scroll of brand weapon
 r - a scroll of enchant weapon {unknown}
 t - 6 scrolls of teleportation
 x - 3 scrolls of fear
 z - a scroll of blinking
 I - 2 scrolls of enchant armour {unknown}
Potions
 c - a potion of ambrosia
 f - 3 potions of flight
 g - 2 potions of brilliance
 h - a potion of haste
 q - 6 potions of curing
 u - 5 potions of mutation
 v - 3 potions of berserk rage
 w - 3 potions of heal wounds
 y - a potion of magic
 H - 2 potions of resistance {unknown}
 J - a potion of attraction {unknown}


   Skills:
 + Level 15.2 Fighting
 - Level 14.0 Long Blades
 + Level 11.3 Armour
 - Level 3.2 Dodging
 * Level 11.6 Invocations


You had 12 spell levels left.
You didn't know any spells.
Your spell library contained the following spells:

 Spells                   Type           Power      Damage    Failure   Level
 Poisonous Vapours        Pois/Air       0%         N/A       97%         2
 Sublimation of Blood     Necr           0%         N/A       97%         2
 Gell's Gravitas          Tloc           0%         N/A       99%         3
 Mephitic Cloud           Conj/Pois/Air  0%         N/A       99%         3
 Teleport Other           Tloc           0%         N/A       99%         3
 Petrify                  Tmut/Erth      0%         N/A       100%        4
 Freezing Cloud           Conj/Ice/Air   0%         6-21      100%        5
 Irradiate                Conj/Tmut      0%         3d11      100%        5
 Dispersal                Tloc           0%         N/A       100%        6
 Borgnjor's Revivificati  Necr           0%         N/A       100%        8
 Necromutation            Tmut/Necr      0%         N/A       100%        8
 Death's Door             Necr           0%         N/A       100%        9


Dungeon Overview and Level Annotations

Branches:
Dungeon (13/15) Zot: 25945  Temple (1/1) D:6 Zot: 5859    Lair (0/5) D:8
    Orc (0/2) D:9          Vaults (0/5) D:13          Sewer (visited)

Altars:
Cheibriados
Dithmenos
Fedhas
Hepliaklqana
Kikubaaqudgha
Makhleb
Nemelex Xobeh
Okawaru
Qazlal
Ru
Sif Muna
Trog
Uskayaw
Vehumet
Wu Jian
Zin
The Shining One

Shops:
D:11 ?*   D:12 [

Annotations:
D:11 3 runed translucent doors, Goucsema's ghost, novice FoHu


Innate Abilities, Weirdness & Mutations

You have a pair of horns on your head.
You reflexively headbutt those who attack you in melee.


Message History

The enormous slime creature hits you!!
Two slime creatures merge to form a titanic slime creature.
You are too injured to fight recklessly!
You are too injured to fight recklessly!
You are too injured to fight recklessly!
You are too injured to fight recklessly!
You are too injured to fight recklessly!
You are too injured to fight recklessly!
You are too injured to fight recklessly!
You are too injured to fight recklessly!
You are too injured to fight recklessly!
You are too injured to fight recklessly!
You hit the titanic slime creature. You burn the titanic slime creature.
The titanic slime creature is moderately wounded.
You slash the titanic slime creature! You burn the titanic slime creature.
You headbutt the titanic slime creature!
The titanic slime creature is moderately wounded.
The titanic slime creature closely misses you.
You furiously retaliate!
You headbutt the titanic slime creature.
You slash the titanic slime creature! You burn the titanic slime creature.
The titanic slime creature is moderately wounded.
The titanic slime creature attacks as you move away!
The titanic slime creature misses you. You furiously retaliate!
You headbutt the titanic slime creature.
The titanic slime creature attacks as you move away!
The titanic slime creature barely misses you.
You furiously retaliate!
You headbutt the titanic slime creature!
You hit the titanic slime creature. You burn the titanic slime creature.
The titanic slime creature is heavily wounded.
The titanic slime creature hits you!!!!
Ouch! That really hurt!
You slash the titanic slime creature! You burn the titanic slime creature.
You headbutt the titanic slime creature!
The titanic slime creature is heavily wounded.
A titanic slime creature splits.
The very large slime creature attacks as you move away!
The very large slime creature hits you!!!
You die...

###.#.....# #.# #......
....##...## #.# #.....#
#######.######)## ##...## ##
#.##..))).# #..## .# #.##.###..#
#.## .# ##'##.# #..## #.# .#
##...#.# #...## #.# .# ##......#
#..#.# #>#### .###.......#
##J@.## #.##.#
.##.........###.J..#########.#...
..'................†.............
###....###########.#.######......
##...# #.#.# #...#.. ##..# #...#
#.#.##. #..# #.### #.#.##. ##.#
#.# #.#.##< .# #.# ###......


You could see a very large slime creature and a large slime creature.

Vanquished Creatures
  Kirke (D:13)
  Snorg (D:12)
  5 vault guards (D:13)
  A catoblepas (D:13)
  2 centaur warriors
  Erica (D:8)
  4 two-headed ogres
  Amaemon (D:10)
  Lodul (D:10)
  Pikel (D:6)
  A deep elf pyromancer (D:12)
  2 cyclopes
  5 ugly things
  3 slime creatures (D:13)
  A gargoyle (D:11)
  A rime drake (D:8)
  Maggie (D:6)
  An orange demon (D:10)
  Psyche (D:12)
  A kobold demonologist (D:11)
  A komodo dragon (D:10)
  3 trolls
  2 hornets
  Prince Ribbit (D:6)
  A shadow (D:10)
  A vampire (D:10)
  2 wraiths
  13 yaks
  2 wyverns
  4 fire bats (D:12)
  6 humans (D:13)
  5 vampire mosquitoes (D:13)
  2 steam dragons
  3 acid dragons
  5 water moccasins
  Duvessa (D:4)
  A hell hound (D:12)
  3 orc warriors
  5 ice beasts
  A black bear (D:8)
  3 wolves (D:8)
  9 ogres
  9 centaurs
  3 kobold brigands
  2 bullfrogs (D:7)
  Blork the orc (D:6)
  A gnoll sergeant (D:9)
  3 scorpions
  12 wights
  Dowan (D:4)
  5 killer bees (D:9)
  6 howler monkeys
  2 lava snakes (D:12)
  6 hounds
  2 jellies
  4 orc priests
  3 iguanas
  2 sleepcaps
  13 orc wizards
  10 gnolls
  9 adders
  6 river rats (Sewer)
  A shadow imp (D:5)
  3 white imps
  7 worms
  The ghost of zkyp the Sneak, a weakling MiDe of Okawaru (D:5)
  5 dart slugs
  29 orcs
  4 bats (D:1)
  6 endoplasms
  3 giant cockroaches
  6 goblins
  8 hobgoblins
  3 jackals (D:1)
  4 quokkas
  11 ball pythons
  8 frilled lizards
  23 kobolds
  9 rats
340 creatures vanquished.

Vanquished Creatures (others)
  A human (D:13)
  An orc (D:8)
  2 fire vortices (D:12)
4 creatures vanquished.

Grand Total: 344 creatures vanquished

Notes
Turn   | Place    | Note
-------+----------+-------------------------------------------
     0 | D:1      | Dirian the Minotaur Monk began the quest for the Orb.
     0 | D:1      | Reached XP level 1. HP: 19/19 MP: 0/0
    73 | D:1      | Reached XP level 2. HP: 27/27 MP: 1/1
    78 | D:1      | Reached skill level 4 in Fighting
    78 | D:1      | Reached skill level 1 in Armour
   287 | D:1      | Reached XP level 3. HP: 32/33 MP: 2/2
  1391 | D:3      | Reached XP level 4. HP: 40/41 MP: 3/3
  1523 | D:3      | Reached skill level 5 in Long Blades
  1734 | D:3      | Found a faded altar of an unknown god.
  1809 | D:3      | Identified the staff of air "Ytyk" {rElec Will+}
  2057 | D:4      | Found a glowing drain.
  2081 | Sewer    | Entered a sewer
  2264 | Sewer    | Reached XP level 5. HP: 41/47 MP: 4/4
  2495 | Sewer    | Reached skill level 5 in Fighting
  2605 | Sewer    | Reached XP level 6. HP: 32/56 MP: 5/5
  3192 | D:4      | Noticed Dowan
  3215 | D:4      | Killed Dowan
  3237 | D:4      | Noticed Duvessa
  3247 | D:4      | Killed Duvessa
  3649 | D:4      | Identified a scroll of acquirement
  3649 | D:4      | Acquired the +2 cloak of Ageahit {Will+}
  3705 | D:5      | Entered Level 5 of the Dungeon
  3713 | D:5      | Reached skill level 5 in Armour
  3713 | D:5      | Reached XP level 7. HP: 61/61 MP: 6/6
  3941 | D:5      | Found a runed translucent door.
  4076 | D:5      | Reached skill level 6 in Fighting
  4348 | D:5      | Reached XP level 8. HP: 33/70 MP: 7/7
  4496 | D:5      | Noticed zkyp's ghost (weakling MiDe)
  4684 | D:5      | Killed zkyp's ghost
  4756 | D:6      | Found a staircase to the Ecumenical Temple.
  4871 | Temple   | Entered the Ecumenical Temple
  4992 | Temple   | Became a worshipper of Zin the Law-Giver
  4992 | Temple   | Reached * piety under Zin
  4992 | Temple   | Reached ** piety under Zin
  4992 | Temple   | Reached *** piety under Zin
  5047 | D:6      | Noticed Prince Ribbit
  5058 | D:6      | Noticed a +0 short sword
  5059 | D:6      | Noticed a +0 dagger
  5059 | D:6      | Noticed a +0 dagger
  5059 | D:6      | Noticed a +0 spear
  5061 | D:6      | Killed Prince Ribbit
  5064 | D:6      | Noticed a +0 falchion
  5070 | D:6      | Noticed a +0 short sword
  5070 | D:6      | Noticed a +0 spear
  5072 | D:6      | Found a hide-covered altar of Uskayaw.
  5072 | D:6      | Noticed a +0 falchion
  5080 | D:6      | Noticed Pikel
  5098 | D:6      | Killed Pikel
  5099 | D:6      | Reached skill level 7 in Fighting
  5099 | D:6      | Reached skill level 1 in Invocations
  5105 | D:6      | Reached skill level 10 in Long Blades
  5274 | D:6      | Noticed Blork the orc
  5288 | D:6      | Killed Blork the orc
  5486 | D:6      | Reached XP level 9. HP: 53/79 MP: 7/9
  5605 | D:6      | Noticed a troll
  5616 | D:6      | Killed a troll
  5633 | D:6      | Identified the +1 falchion "Ineytt" {flame, rPois rC- SInv}
  5769 | D:6      | Noticed Maggie
  5791 | D:6      | Killed Maggie
  5792 | D:6      | Reached skill level 8 in Fighting
  6288 | D:7      | Reached skill level 5 in Invocations
  6616 | D:7      | Reached XP level 10. HP: 90/90 MP: 13/13
  6680 | D:7      | Identified the +0 scale mail of the Poles {rC+ Slay+4}
  7024 | D:7      | Reached **** piety under Zin
  7362 | D:8      | Reached skill level 9 in Fighting
  7370 | D:8      | Noticed a green ugly thing
  7381 | D:8      | Killed a green ugly thing
  7420 | D:8      | Found a staircase to the Lair.
  7743 | D:8      | Noticed Erica
  7753 | D:8      | Killed Erica
  7754 | D:8      | Reached skill level 10 in Fighting
  8130 | D:9      | Found a staircase to the Orcish Mines.
  8159 | D:9      | Reached skill level 11 in Fighting
  8433 | D:9      | Reached XP level 11. HP: 87/102 MP: 14/16
  8568 | D:9      | Reached skill level 12 in Fighting
  9163 | D:10     | Entered Level 10 of the Dungeon
  9166 | D:10     | Reached ***** piety under Zin
  9320 | D:10     | Noticed Lodul
  9341 | D:10     | Killed Lodul
  9343 | D:10     | Found an iron altar of Okawaru.
  9695 | D:10     | Noticed Amaemon
  9704 | D:10     | Killed Amaemon
  9705 | D:10     | Reached skill level 13 in Fighting
  9899 | D:10     | Reached ****** piety under Zin
 10464 | D:11     | Found Libborgh's Luxury Loot.
 10639 | D:11     | Found Gugighis's Magic Scroll Boutique.
 10693 | D:11     | Found a runed translucent gate.
 10693 | D:11     | Found a runed translucent gate.
 10693 | D:11     | Found a runed translucent gate.
 10694 | D:11     | Noticed Goucsema's ghost (novice FoHu)
 11104 | D:12     | Noticed a red ugly thing
 11118 | D:12     | Killed a red ugly thing
 11126 | D:12     | Found Jiasess's Antique Armour Shoppe.
 11131 | D:12     | Noticed a two-headed ogre
 11140 | D:12     | Killed a two-headed ogre
 11250 | D:12     | Noticed Psyche
 11259 | D:12     | Noticed a two-headed ogre
 11260 | D:12     | Killed Psyche
 11268 | D:12     | Killed a two-headed ogre
 11269 | D:12     | Reached XP level 12. HP: 96/116 MP: 17/17
 11377 | D:12     | Reached skill level 14 in Fighting
 11502 | D:12     | Noticed a centaur warrior
 11507 | D:12     | Killed a centaur warrior
 11615 | D:12     | Noticed a two-headed ogre
 11621 | D:12     | Killed a two-headed ogre
 11622 | D:12     | Noticed Snorg
 11642 | D:12     | Killed Snorg
 11643 | D:12     | Reached skill level 10 in Invocations
 11656 | D:12     | You fall into a shaft and drop 1 floor!
 11866 | D:13     | Noticed a centaur warrior
 11874 | D:13     | Killed a centaur warrior
 11885 | D:13     | Reached skill level 10 in Armour
 12035 | D:13     | Noticed a two-headed ogre
 12040 | D:13     | Killed a two-headed ogre
 12052 | D:13     | Noticed a catoblepas
 12070 | D:13     | Killed a catoblepas
 12115 | D:13     | Noticed a vault guard
 12115 | D:13     | Noticed a vault guard
 12115 | D:13     | Noticed a vault guard
 12115 | D:13     | Noticed a vault guard
 12116 | D:13     | Noticed a vault guard
 12128 | D:13     | Killed a vault guard
 12140 | D:13     | Killed a vault guard
 12152 | D:13     | Killed a vault guard
 12158 | D:13     | Killed a vault guard
 12159 | D:13     | Reached skill level 15 in Fighting
 12159 | D:13     | Identified the +1 kite shield of the Thistle {rC- rN+
                  | Dex+2}
 12165 | D:13     | Killed a vault guard
 12166 | D:13     | Reached XP level 13. HP: 115/126 MP: 20/20
 12178 | D:13     | Found a gate to the Vaults.
 12381 | D:13     | Noticed Kirke
 12388 | D:13     | Killed Kirke
 12751 | D:13     | Mangled by a very large slime creature

Illustrated notes

Levels and vault maps discovered:
D:1:      dpeg_arrival_windows_large_door, layout_basic
D:2:      layout_loops_cross, minmay_hexomino_p4
D:3:      layout_loops_ring, basic_ecumenical_altar
D:4:      layout_loops_ring, cheibrodos_sewer_entry_drain, uniq_duvessa
D:5:      layout_loops_ring, ebering_ghost_reflecting_pool,
          kennysheep_generic_room_12
D:6:      cheibrodos_barr_body, layout_basic, nicolae_uskayaw_en_pointe,
          temple_doors_e, nicolae_water_bricks, uniq_blork_the_orc, uniq_pikel,
          uniq_maggie, uniq_prince_ribbit1
D:7:      layout_loops_ring, minmay_door_square
D:8:      layout_loops_cross, hellmonk_lair_entry_icy, uniq_erica
D:9:      layout_loops_corners, orc_0_dummy, kennysheep_generic_room_6
D:10:     layout_loops_ring, okawaru_metal_pillars_1_2, serial_co_window_serial,
          co_window_paths_a, co_window_of_opportunity_a, co_window_corner_a,
          co_window_corner_a, co_window_corner_a, co_window_paths_a,
          co_window_of_opportunity_a, co_window_broadway_c,
          co_window_broadway_a, co_window_broadway_a, co_window_sun, uniq_lodul,
          uniq_amaemon
D:11:     layout_cave_pools, serial_shops, nicolae_square_shop,
          gammafunk_ghost_necromancy, nicolae_alphabet_shops
D:12:     layout_big_octagon, serial_shops, nicolae_shop_stone,
          hangedman_abyss_or_decor_clamps, hangedman_incinerator, uniq_psyche,
          uniq_snorg
D:13:     layout_loops_corners, ximxim_vaults_locker_room, billiards_dpeg,
          uniq_kirke
Temple:   nicolae_temple_slightly_damp_pantheon

Skill      XL: |  1  2  3  4  5  6  7  8  9 10 11 12 |
---------------+-------------------------------------+-----
Long Blades    | 4 5 6 7 8 10 12 14 | 14.0
Fighting       | 4 5 6 7 8 11 13 15 | 15.2
Armour         | 1 2 3 5 6 7 8 11 | 11.3
Invocations    | 2 5 9 11 | 11.6
Dodging        | |  3.2

Action                     |  1- 3 |  4- 6 |  7- 9 | 10-12 | 13-15 || total
---------------------------+-------+-------+-------+-------+-------++-------
  Melee: Falchion          |    72 |   144 |   294 |    14 |       ||   524
         Headbutt          |    10 |    31 |    83 |   173 |    17 ||   314
         Long sword        |       |       |       |   101 |       ||   101
         Scimitar          |       |       |       |   401 |    45 ||   446
 Invoke: Recite            |       |       |     8 |    15 |     1 ||    24
         Vitalisation      |       |       |     7 |    21 |     2 ||    30
    Use: Scroll            |       |    11 |     4 |     4 |       ||    19
         Potion            |       |     1 |       |       |       ||     1
   Stab: Confused          |       |       |     1 |     3 |     2 ||     6
         Paralysed         |       |       |       |     4 |       ||     4
         Petrified         |       |       |       |     1 |       ||     1
 Armour: Robe              |     4 |       |       |       |       ||     4
         Leather armour    |     6 |       |       |       |       ||     6
         Ring mail         |     1 |    10 |       |       |       ||    11
         Scale mail        |       |    20 |    71 |       |       ||    91
         Swamp dragon scal |       |       |    18 |    84 |       ||   102
         Chain mail        |       |       |       |   134 |    26 ||   160
  Dodge: Dodged            |    46 |    75 |   133 |   223 |    14 ||   491
